Dallas Stars vs Chicago Blackhawks

Created - vendredi 5 avril 2019 at 19:00

Goals
1 2 3 T
Dallas Stars 0 1 0 1
Chicago Blackhawks 1 0 1 2
Shots
1 2 3 T
Dallas Stars 11 18 8 37
Chicago Blackhawks 5 6 13 24

1st period

1. Chicago Blackhawks , Anthony Mantha 22 (Brent Seabrook 13, Alex DeBrincat 24) at 4:52

Penalties :
Scott Mayfield (CHI) for Roughing (Minor) at 14:22

2nd period

2. Dallas Stars , Devin Shore 8 (Oscar Klefbom 25) at 7:40

Penalties :
Ryan Hartman (CHI) for Holding (Minor) at 16:39

3rd period

3. Chicago Blackhawks , Patrick Kane 34 (Henrik Sedin 30) at 5:38 (PP)

Penalties :
Pierre-Edouard Bellemare (DAL) for Kneeing (Minor) at 5:06, Riley Sheahan (DAL) for Cross-checking (Minor) at 12:21

Goalie Stats

Jake Allen (DAL), 22 saves from 24 shots - (0.917), L, 31-26-8, 59:20 minutes
Corey Crawford (CHI), 36 saves from 37 shots - (0.973), W, 36-21-11, 60:00 minutes

Players Stats for Dallas Stars

Player Name              G  A  P  +/- PIM S  H  SB GA TA FO     MP     PP MP  PK MP  
------------------------------------------------------------------------------------
Carl Soderberg           0  0  0   0  0   0  3  1  0  0  6/16   16:01   1:46   0:56 
Colton Parayko           0  0  0  -1  0   3  2  1  0  3  0/0    22:25   0:00   0:48 
Derek Grant              0  0  0   1  0   0  2  0  0  0  0/0    10:19   0:00   0:14 
Devin Shore              1  0  1   1  0   3  0  0  0  0  0/0    10:19   0:00   0:14 
James Neal               0  0  0   0  0   1  3  0  1  0  0/0    15:05   1:46   0:00 
John Klingberg           0  0  0  -1  0   3  0  1  1  1  0/0    23:53   2:16   0:00 
Kyle Connor              0  0  0   0  0   4  3  0  0  0  0/1    15:33   1:46   0:00 
Loui Eriksson            0  0  0   0  0   3  0  0  0  0  0/0    13:26   0:00   0:50 
Mark Scheifele           0  0  0  -1  0   3  3  0  1  0  10/23  19:43   2:12   0:00 
Matthew Tkachuk          0  0  0  -1  0   2  1  0  0  3  0/1    18:32   2:12   0:00 
Oscar Klefbom            0  1  1   1  0   1  1  1  0  0  0/0    16:44   0:00   0:48 
Pierre-Edouard Bellemare 0  0  0   1  2   0  1  1  0  0  4/6    10:25   0:00   0:55 
Riley Sheahan            0  0  0   0  2   1  1  1  2  0  8/13   13:35   0:00   0:26 
Ryan Ellis               0  0  0   1  0   4  2  1  0  0  0/0    18:28   2:10   0:00 
Stephen Johns            0  0  0   0  0   1  1  1  0  2  0/0    19:23   1:42   1:43 
Tom Wilson               0  0  0  -1  0   3  0  0  1  1  0/0    17:46   0:00   1:27 
Trevor Daley             0  0  0   0  0   3  0  0  0  0  0/0    19:07   1:48   1:43 
Viktor Arvidsson         0  0  0   0  0   2  2  0  0  1  0/0    16:43   2:12   0:00 

Players Stats for Chicago Blackhawks

Player Name              G  A  P  +/- PIM S  H  SB GA TA FO     MP     PP MP  PK MP  
------------------------------------------------------------------------------------
Alex DeBrincat           0  1  1   1  0   3  0  1  0  0  0/0    19:42   1:15   2:47 
Anthony Mantha           1  0  1   1  0   2  0  1  2  1  0/1    16:42   1:16   0:44 
Brent Seabrook           0  1  1   1  0   1  0  4  1  0  0/0    19:39   0:00   2:25 
Chris Kunitz             0  0  0   0  0   1  1  0  0  0  0/2    14:52   0:00   0:14 
Denis Malgin             0  0  0   0  0   1  1  1  0  1  6/10   15:17   0:00   1:01 
Dennis Rasmussen         0  0  0   0  0   1  4  0  0  0  0/0     8:56   0:00   0:35 
Duncan Keith             0  0  0  -1  0   0  1  2  1  1  0/0    20:48   1:27   2:44 
Henrik Sedin             0  1  1   1  0   0  0  0  0  1  3/6    15:36   1:16   0:00 
Jan Rutta                0  0  0   0  0   0  1  1  0  0  0/0    17:15   1:04   0:00 
Jonathan Toews           0  0  0  -1  0   2  0  1  0  0  18/27  17:33   1:15   0:00 
Marcus Kruger            0  0  0   0  0   1  2  0  0  0  2/8    10:14   0:00   2:26 
Michal Kempny            0  0  0   1  0   0  0  3  0  1  0/0    15:52   0:00   0:00 
Nick Schmaltz            0  0  0  -1  0   2  1  1  0  0  3/3    18:27   1:27   0:09 
Patrick Kane             1  0  1  -1  0   5  1  0  5  0  0/3    23:59   1:16   0:00 
Ryan Hartman             0  0  0   0  2   3  6  1  1  0  0/0    16:22   1:15   0:00 
Scott Mayfield           0  0  0  -1  2   0  1  0  0  1  0/0    16:18   0:00   1:00 
Seth Jones               0  0  0   0  0   2  1  1  1  0  0/0    23:53   1:04   1:47 
Toby Enstrom             0  0  0   0  0   0  0  0  0  0  0/0     4:35   0:00   0:00 

3 Stars

1 - Corey Crawford (CHI)
2 - Anthony Mantha (CHI)
3 - Devin Shore (DAL)

Power Play

Dallas Stars - 0 on 2 Attempt(s) - 0.00%
Chicago Blackhawks - 1 on 2 Attempt(s) - 50.00%

Penalty Kill

Dallas Stars - 1 on 2 Attempt(s) - 50.00% - Score 0 goal in Penalty Kill
Chicago Blackhawks - 2 on 2 Attempt(s) - 100.00% - Score 0 goal in Penalty Kill

Team Stat

Dallas Stars - Hits : 25 - Faceoff Wins : 28 - Blocked Shots : 8 - Penalty Minutes : 4
Chicago Blackhawks - Hits : 20 - Faceoff Wins : 32 - Blocked Shots : 17 - Penalty Minutes : 4

Official

Referees : Chris Rooney and Brad Watson
Linesman : Ryan Galloway and Michel Cormier

Game Notes

No Game Note

Finance

Level 1 -- Attendance: 10159 (90.71%) -- Ticket Income fr. 802'561
Level 2 -- Attendance: 2035 (88.48%) -- Ticket Income fr. 130'240
Level 3 -- Attendance: 3052 (78.26%) -- Ticket Income fr. 103'768
Level 4 -- Attendance: 1364 (88.00%) -- Ticket Income fr. 25'916
Luxury Box -- Attendance: 49 (98.00%) -- Ticket Income fr. 9'751
Game was played at the United Center.
Total Attendance: 16659 (87.68%)
Total Ticket Income: fr. 1'072'236
Total Income: fr. 1'072'236

Dallas Stars

5 vs 5 Forward 
   Center                   Left Wing                Right Wing               Time % Phy DF OF 
 1 Mark Scheifele           Matthew Tkachuk          Tom Wilson               32     1   1  3  
 2 Carl Soderberg           Viktor Arvidsson         James Neal               27     1   2  2  
 3 Riley Sheahan            Kyle Connor              Loui Eriksson            25     1   3  1  
 4 Pierre-Edouard Bellemare Derek Grant              Devin Shore              16     2   3  0  

5 vs 5 Defense 
   Defense                  Defense                                           Time % Phy DF OF 
 1 John Klingberg           Colton Parayko                                    32     1   2  2  
 2 Ryan Ellis               Oscar Klefbom                                     30     1   2  2  
 3 Stephen Johns            Trevor Daley                                      28     2   3  0  
 4 John Klingberg           Colton Parayko                                    10     1   4  0  

PowerPlay Forward 
   Center                   Left Wing                Right Wing               Time % Phy DF OF 
 1 Mark Scheifele           Matthew Tkachuk          Viktor Arvidsson         52     0   0  5  
 2 Carl Soderberg           Kyle Connor              James Neal               48     0   0  5  

PowerPlay Defense
   Defense                  Defense                                           Time % Phy DF OF 
 1 John Klingberg           Trevor Daley                                      50     0   0  5  
 2 Ryan Ellis               Stephen Johns                                     50     0   0  5  

Penalty Kill 4 Players Forward 
   Center                   Wing                     Time % Phy DF OF 
 1 Pierre-Edouard Bellemare Tom Wilson               52     0   5  0  
 2 Riley Sheahan            Loui Eriksson            48     0   5  0  

Penalty Kill 4 Players Defense
   Defense                  Defense                  Time % Phy DF OF 
 1 Stephen Johns            Trevor Daley             52     0   5  0  
 2 Colton Parayko           Oscar Klefbom            48     0   5  0  

Penalty Kill - 3 Players Forward 
   Forward                                           Time % Phy DF OF 
 1 Pierre-Edouard Bellemare                          52     0   5  0  
 2 Carl Soderberg                                    48     0   5  0  

Penalty Kill - 3 Players Defense
   Defense                  Defense                  Time % Phy DF OF 
 1 Stephen Johns            Trevor Daley             52     0   5  0  
 2 Colton Parayko           Oscar Klefbom            48     0   5  0  

4 vs 4 Forward 
   Center                   Wing                     Time % Phy DF OF 
 1 Mark Scheifele           Loui Eriksson            52     0   2  3  
 2 Riley Sheahan            Devin Shore              48     0   3  2  

4 vs 4 Defense
   Defense                  Defense                  Time % Phy DF OF 
 1 John Klingberg           Colton Parayko           65     1   2  2  
 2 Ryan Ellis               Oscar Klefbom            35     1   2  2  

Last Minutes Offensive
   Center                   Left Wing                Right Wing               Defense                  Defense                  
   Mark Scheifele           Viktor Arvidsson         Kyle Connor              John Klingberg           Ryan Ellis               

Last Minutes Defensive
   Center                   Left Wing                Right Wing               Defense                  Defense                  
   Pierre-Edouard Bellemare Loui Eriksson            Tom Wilson               Oscar Klefbom            Colton Parayko           

Goaltenders
Starting : Jake Allen               
Backup : Carter Hutton            

Extra Forwards
Normal : James Neal, Mark Scheifele, Viktor Arvidsson - PP : James Neal, Mark Scheifele - PK : Riley Sheahan
Extra Defensemen
Normal : Ryan Ellis, John Klingberg, Trevor Daley - PP : John Klingberg - PK : Oscar Klefbom, Colton Parayko
Penalty Shots
Mark Scheifele, James Neal, Matthew Tkachuk, Viktor Arvidsson, Ryan Ellis
Custom OT Lines Forwards
Viktor Arvidsson, Mark Scheifele, Matthew Tkachuk, Carl Soderberg, James Neal, Kyle Connor, Loui Eriksson, Tom Wilson, Riley Sheahan, Devin Shore
Custom OT Lines Defensemen
Colton Parayko, John Klingberg, Oscar Klefbom, Trevor Daley, Ryan Ellis

Scratches
Nino Niederreiter (Bruised Right Foot Injury)

Chicago Blackhawks

5 vs 5 Forward 
   Center                   Left Wing                Right Wing               Time % Phy DF OF 
 1 Jonathan Toews           Nick Schmaltz            Patrick Kane             38     1   2  2  
 2 Henrik Sedin             Alex DeBrincat           Anthony Mantha           22     1   2  2  
 3 Denis Malgin             Chris Kunitz             Ryan Hartman             22     1   3  1  
 4 Marcus Kruger            Dennis Rasmussen         Patrick Kane             18     1   3  1  

5 vs 5 Defense 
   Defense                  Defense                                           Time % Phy DF OF 
 1 Duncan Keith             Scott Mayfield                                    30     0   2  3  
 2 Seth Jones               Jan Rutta                                         30     0   3  2  
 3 Brent Seabrook           Michal Kempny                                     30     0   3  2  
 4 Seth Jones               Toby Enstrom                                      10     1   3  1  

PowerPlay Forward 
   Center                   Left Wing                Right Wing               Time % Phy DF OF 
 1 Jonathan Toews           Alex DeBrincat           Ryan Hartman             50     1   1  3  
 2 Henrik Sedin             Anthony Mantha           Patrick Kane             50     1   1  3  

PowerPlay Defense
   Defense                  Defense                                           Time % Phy DF OF 
 1 Duncan Keith             Nick Schmaltz                                     50     1   1  3  
 2 Seth Jones               Jan Rutta                                         50     1   1  3  

Penalty Kill 4 Players Forward 
   Center                   Wing                     Time % Phy DF OF 
 1 Marcus Kruger            Alex DeBrincat           65     2   3  0  
 2 Dennis Rasmussen         Nick Schmaltz            35     2   3  0  

Penalty Kill 4 Players Defense
   Defense                  Defense                  Time % Phy DF OF 
 1 Duncan Keith             Brent Seabrook           50     2   3  0  
 2 Seth Jones               Scott Mayfield           50     2   3  0  

Penalty Kill - 3 Players Forward 
   Forward                                           Time % Phy DF OF 
 1 Marcus Kruger                                     60     1   4  0  
 2 Dennis Rasmussen                                  40     1   4  0  

Penalty Kill - 3 Players Defense
   Defense                  Defense                  Time % Phy DF OF 
 1 Duncan Keith             Jan Rutta                50     1   4  0  
 2 Seth Jones               Scott Mayfield           50     1   4  0  

4 vs 4 Forward 
   Center                   Wing                     Time % Phy DF OF 
 1 Jonathan Toews           Chris Kunitz             50     1   1  3  
 2 Dennis Rasmussen         Anthony Mantha           50     1   1  3  

4 vs 4 Defense
   Defense                  Defense                  Time % Phy DF OF 
 1 Duncan Keith             Michal Kempny            50     1   1  3  
 2 Seth Jones               Toby Enstrom             50     1   1  3  

Last Minutes Offensive
   Center                   Left Wing                Right Wing               Defense                  Defense                  
   Jonathan Toews           Ryan Hartman             Patrick Kane             Duncan Keith             Seth Jones               

Last Minutes Defensive
   Center                   Left Wing                Right Wing               Defense                  Defense                  
   Jonathan Toews           Nick Schmaltz            Patrick Kane             Duncan Keith             Seth Jones               

Goaltenders
Starting : Corey Crawford           
Backup : Antti Raanta             

Extra Forwards
Normal : Alex DeBrincat, Patrick Kane, Jonathan Toews - PP : Patrick Kane, Jonathan Toews - PK : Denis Malgin
Extra Defensemen
Normal : Seth Jones, Duncan Keith, Jan Rutta - PP : Seth Jones - PK : Duncan Keith, Seth Jones
Penalty Shots
Patrick Kane, Nick Schmaltz, Jonathan Toews, Henrik Sedin, Alex DeBrincat
Custom OT Lines Forwards
Patrick Kane, Jonathan Toews, Nick Schmaltz, Alex DeBrincat, Dennis Rasmussen, Henrik Sedin, Denis Malgin, Ryan Hartman, Marcus Kruger, Anthony Mantha
Custom OT Lines Defensemen
Seth Jones, Duncan Keith, Jan Rutta, Scott Mayfield, Brent Seabrook

Scratches
David Kampf (Fractured Right Foot Injury)

% Time on Ice - Dallas Stars

Lines # - Real PCT - Wanted PCT - Time Play
Normal Forward
1 - 31% - 32% - 16:20
2 - 27% - 27% - 13:53
3 - 24% - 25% - 12:36
4 - 18% - 16% - 9:31
Normal Defense
1 - 32% - 32% - 16:59
2 - 31% - 30% - 16:18
3 - 29% - 28% - 15:02
4 - 8% - 10% - 4:01
PP Forward
1 - 55% - 52% - 2:12
2 - 45% - 48% - 1:46
PP Defense
1 - 45% - 50% - 1:48
2 - 55% - 50% - 2:10
PK Forward
1 - 58% - 52% - 1:27
2 - 42% - 48% - 1:04
PK Defense
1 - 68% - 52% - 1:43
2 - 32% - 48% - 0:48
PK3 Forward
1 - 0% - 52%
2 - 0% - 48%
PK3 Defense
1 - 0% - 52%
2 - 0% - 48%
44 Forward
1 - 0% - 52%
2 - 0% - 48%
44 Defense
1 - 0% - 65%
2 - 0% - 35%
Last Minute Offensive  - 1:11
Last Minute Defensive  - 0:00
Total
Forward - 60:00
Defense - 60:00

% Time on Ice - Chicago Blackhawks

Lines # - Real PCT - Wanted PCT - Time Play
Normal Forward
1 - 29% - 38% - 15:01
2 - 30% - 22% - 15:32
3 - 27% - 22% - 14:16
4 - 14% - 18% - 7:32
Normal Defense
1 - 30% - 30% - 15:40
2 - 31% - 30% - 16:14
3 - 30% - 30% - 15:52
4 - 9% - 10% - 4:35
PP Forward
1 - 50% - 50% - 1:15
2 - 50% - 50% - 1:16
PP Defense
1 - 58% - 50% - 1:27
2 - 42% - 50% - 1:04
PK Forward
1 - 96% - 65% - 3:49
2 - 4% - 35% - 0:09
PK Defense
1 - 55% - 50% - 2:11
2 - 45% - 50% - 1:47
PK3 Forward
1 - 0% - 60%
2 - 0% - 40%
PK3 Defense
1 - 0% - 50%
2 - 0% - 50%
44 Forward
1 - 0% - 50%
2 - 0% - 50%
44 Defense
1 - 0% - 50%
2 - 0% - 50%
Last Minute Offensive  - 0:00
Last Minute Defensive  - 1:10
Total
Forward - 60:00
Defense - 60:00

Play-by-Play

1st period


0:01 of 1st period - Jonathan Toews wins face-off versus Mark Scheifele in neutral zone.
0:26 of 1st period - Henrik Sedin is hit by Carl Soderberg and loses puck.
0:49 of 1st period - Wrist shot by Viktor Arvidsson.
0:49 of 1st period - Shot Misses the Net.
1:03 of 1st period - Stephen Johns is hit by Dennis Rasmussen and loses puck.
2:34 of 1st period - Henrik Sedin is hit by Ryan Ellis and loses puck.
3:08 of 1st period - Off-side.
3:09 of 1st period - Carl Soderberg wins face-off versus Denis Malgin in neutral zone.
3:24 of 1st period - Carl Soderberg is hit by Jan Rutta and loses puck.
3:39 of 1st period - Wrist shot by Riley Sheahan.
3:39 of 1st period - Shot Blocked by Anthony Mantha.
3:50 of 1st period - Icing by Alex DeBrincat.
3:51 of 1st period - Henrik Sedin wins face-off versus Mark Scheifele in Chicago Blackhawks zone.
4:18 of 1st period - Wrist shot by Alex DeBrincat.
4:18 of 1st period - Stopped by Jake Allen with a rebound.
4:48 of 1st period - Slapshot by Alex DeBrincat.
4:48 of 1st period - Shot Misses the Net.
4:50 of 1st period - Slapshot by Brent Seabrook.
4:50 of 1st period - Stopped by Jake Allen with a rebound.
4:52 of 1st period - Snap shot by Anthony Mantha.
4:52 of 1st period - Goal by Anthony Mantha - Dallas Stars : 0 - Chicago Blackhawks : 1.
4:53 of 1st period - Jonathan Toews wins face-off versus Pierre-Edouard Bellemare in neutral zone.
5:05 of 1st period - Snap shot by Devin Shore.
5:05 of 1st period - Stopped by Corey Crawford without a rebound.
5:06 of 1st period - Riley Sheahan wins face-off versus Jonathan Toews in Chicago Blackhawks zone.
5:31 of 1st period - Ryan Hartman is hit by Carl Soderberg and loses puck.
5:40 of 1st period - Carl Soderberg is hit by Ryan Hartman.
5:56 of 1st period - Ryan Ellis is hit by Marcus Kruger and loses puck.
7:44 of 1st period - Anthony Mantha is hit by Riley Sheahan and loses puck.
8:52 of 1st period - Snap shot by Kyle Connor.
8:52 of 1st period - Stopped by Corey Crawford without a rebound.
8:53 of 1st period - Denis Malgin wins face-off versus Riley Sheahan in Chicago Blackhawks zone.
9:16 of 1st period - Brent Seabrook is hit by Viktor Arvidsson and loses puck.
10:09 of 1st period - Wrist shot by Loui Eriksson.
10:09 of 1st period - Shot Misses the Net.
10:21 of 1st period - Scott Mayfield is hit by James Neal and loses puck.
10:36 of 1st period - Ryan Hartman is hit by Mark Scheifele and loses puck.
10:50 of 1st period - Icing by Colton Parayko.
10:51 of 1st period - Jonathan Toews wins face-off versus Mark Scheifele in Dallas Stars zone.
11:02 of 1st period - Wrist shot by Alex DeBrincat.
11:02 of 1st period - Stopped by Jake Allen without a rebound.
11:03 of 1st period - Jonathan Toews wins face-off versus Carl Soderberg in Dallas Stars zone.
11:08 of 1st period - Snap shot by Nick Schmaltz.
11:08 of 1st period - Shot Misses the Net.
11:28 of 1st period - Ryan Hartman is hit by Oscar Klefbom and loses puck.
11:39 of 1st period - Slapshot by Kyle Connor.
11:39 of 1st period - Stopped by Corey Crawford with a rebound.
11:59 of 1st period - Wrist shot by Anthony Mantha.
11:59 of 1st period - Shot Misses the Net.
12:18 of 1st period - Pierre-Edouard Bellemare is hit by Marcus Kruger and loses puck.
12:31 of 1st period - Nick Schmaltz is hit by James Neal and loses puck.
12:38 of 1st period - Snap shot by Carl Soderberg.
12:38 of 1st period - Shot Blocked by Brent Seabrook.
12:40 of 1st period - Slapshot by Colton Parayko.
12:40 of 1st period - Stopped by Corey Crawford without a rebound.
12:41 of 1st period - Riley Sheahan wins face-off versus Denis Malgin in Chicago Blackhawks zone.
12:44 of 1st period - Snap shot by Kyle Connor.
12:44 of 1st period - Shot Misses the Net.
12:46 of 1st period - Snap shot by Loui Eriksson.
12:46 of 1st period - Shot Misses the Net.
12:50 of 1st period - Snap shot by Loui Eriksson.
12:50 of 1st period - Shot Blocked by Jan Rutta.
12:52 of 1st period - Slapshot by Colton Parayko.
12:52 of 1st period - Stopped by Corey Crawford with a rebound.
12:54 of 1st period - Slapshot by John Klingberg.
12:54 of 1st period - Shot Misses the Net.
12:56 of 1st period - Wrist shot by Colton Parayko.
12:56 of 1st period - Shot Misses the Net.
13:51 of 1st period - Chris Kunitz is hit by Derek Grant and loses puck.
14:22 of 1st period - Minor Penalty to Scott Mayfield for Roughing.
14:23 of 1st period - Mark Scheifele wins face-off versus Marcus Kruger in Chicago Blackhawks zone.
14:41 of 1st period - Marcus Kruger is hit by Mark Scheifele and loses puck.
14:58 of 1st period - Slapshot by Carl Soderberg.
14:58 of 1st period - Shot Blocked by Alex DeBrincat.
15:00 of 1st period - Slapshot by Kyle Connor.
15:00 of 1st period - Stopped by Corey Crawford without a rebound.
15:01 of 1st period - Carl Soderberg wins face-off versus Marcus Kruger in Chicago Blackhawks zone.
15:02 of 1st period - Wrist shot by Kyle Connor.
15:02 of 1st period - Stopped by Corey Crawford without a rebound.
15:03 of 1st period - Mark Scheifele wins face-off versus Marcus Kruger in Chicago Blackhawks zone.
15:04 of 1st period - Snap shot by Viktor Arvidsson.
15:04 of 1st period - Shot Misses the Net.
15:06 of 1st period - Backhand shot by Ryan Ellis.
15:06 of 1st period - Stopped by Corey Crawford without a rebound.
15:07 of 1st period - Mark Scheifele wins face-off versus Marcus Kruger in Chicago Blackhawks zone.
15:14 of 1st period - Wrist shot by Viktor Arvidsson.
15:14 of 1st period - Stopped by Corey Crawford without a rebound.
15:15 of 1st period - Marcus Kruger wins face-off versus Mark Scheifele in Chicago Blackhawks zone.
15:54 of 1st period - Brent Seabrook is hit by Kyle Connor and loses puck.
16:05 of 1st period - Duncan Keith is hit by Viktor Arvidsson and loses puck.
16:22 of 1st period - Penalty to Scott Mayfield is over, Scott Mayfield is back on ice.
16:33 of 1st period - Snap shot by Pierre-Edouard Bellemare.
16:33 of 1st period - Shot Blocked by Duncan Keith.
16:37 of 1st period - Slapshot by Ryan Ellis.
16:37 of 1st period - Deflect By Brent Seabrook.
16:37 of 1st period - Stopped by Corey Crawford with a rebound.
16:46 of 1st period - Off-side.
16:47 of 1st period - Denis Malgin wins face-off versus Riley Sheahan in neutral zone.
16:50 of 1st period - Loui Eriksson is hit by Ryan Hartman and loses puck.
17:09 of 1st period - Chris Kunitz is hit by Colton Parayko and loses puck.
17:32 of 1st period - Snap shot by Nick Schmaltz.
17:32 of 1st period - Stopped by Jake Allen without a rebound.
17:33 of 1st period - Mark Scheifele wins face-off versus Jonathan Toews in Dallas Stars zone.
17:42 of 1st period - Wrist shot by Matthew Tkachuk.
17:42 of 1st period - Shot Blocked by Brent Seabrook.
17:44 of 1st period - Wrist shot by Mark Scheifele.
17:44 of 1st period - Stopped by Corey Crawford with a rebound.
17:46 of 1st period - Snap shot by Oscar Klefbom.
17:46 of 1st period - Shot Blocked by Michal Kempny.
17:48 of 1st period - Snap shot by Ryan Ellis.
17:48 of 1st period - Shot Blocked by Brent Seabrook.
18:03 of 1st period - Slapshot by Seth Jones.
18:03 of 1st period - Shot Misses the Net.
19:37 of 1st period - Pierre-Edouard Bellemare is hit by Dennis Rasmussen and loses puck.
Goals for this period are 0 for Dallas Stars vs 1 for Chicago Blackhawks.
Shots for this period are 11 for Dallas Stars vs 5 for Chicago Blackhawks.

2nd period


0:01 of 2nd period - Mark Scheifele wins face-off versus Jonathan Toews in neutral zone.
0:10 of 2nd period - Slapshot by Mark Scheifele.
0:10 of 2nd period - Stopped by Corey Crawford with a rebound.
0:12 of 2nd period - Snap shot by Mark Scheifele.
0:12 of 2nd period - Stopped by Corey Crawford with a rebound.
0:26 of 2nd period - John Klingberg is hit by Ryan Hartman and loses puck.
0:55 of 2nd period - Wrist shot by Devin Shore.
0:55 of 2nd period - Shot Misses the Net.
0:57 of 2nd period - Slapshot by Colton Parayko.
0:57 of 2nd period - Shot Misses the Net.
0:59 of 2nd period - Snap shot by Colton Parayko.
0:59 of 2nd period - Shot Misses the Net.
1:27 of 2nd period - Tom Wilson is hit by Chris Kunitz and loses puck.
1:36 of 2nd period - Slapshot by Ryan Hartman.
1:36 of 2nd period - Shot Blocked by Oscar Klefbom.
1:46 of 2nd period - Slapshot by James Neal.
1:46 of 2nd period - Stopped by Corey Crawford without a rebound.
1:47 of 2nd period - Carl Soderberg wins face-off versus Jonathan Toews in Chicago Blackhawks zone.
2:01 of 2nd period - Off-side.
2:02 of 2nd period - Denis Malgin wins face-off versus Mark Scheifele in neutral zone.
2:27 of 2nd period - Stephen Johns is hit by Scott Mayfield and loses puck.
3:43 of 2nd period - Snap shot by Mark Scheifele.
3:43 of 2nd period - Shot Misses the Net.
4:02 of 2nd period - Brent Seabrook is hit by Colton Parayko.
4:48 of 2nd period - Denis Malgin is hit by Pierre-Edouard Bellemare and loses puck.
5:01 of 2nd period - Trevor Daley is hit by Seth Jones and loses puck.
5:14 of 2nd period - Wrist shot by Jonathan Toews.
5:14 of 2nd period - Stopped by Jake Allen without a rebound.
5:15 of 2nd period - Jonathan Toews wins face-off versus Carl Soderberg in Dallas Stars zone.
5:18 of 2nd period - Wrist shot by Nick Schmaltz.
5:18 of 2nd period - Shot Misses the Net.
5:26 of 2nd period - Snap shot by Viktor Arvidsson.
5:26 of 2nd period - Shot Blocked by Michal Kempny.
5:28 of 2nd period - Slapshot by Colton Parayko.
5:28 of 2nd period - Stopped by Corey Crawford with a rebound.
5:38 of 2nd period - Nick Schmaltz is hit by Kyle Connor and loses puck.
5:45 of 2nd period - Snap shot by Loui Eriksson.
5:45 of 2nd period - Stopped by Corey Crawford with a rebound.
5:47 of 2nd period - Snap shot by Kyle Connor.
5:47 of 2nd period - Shot Misses the Net.
6:41 of 2nd period - Wrist shot by Anthony Mantha.
6:41 of 2nd period - Shot Misses the Net.
7:40 of 2nd period - Snap shot by Devin Shore.
7:40 of 2nd period - Goal by Devin Shore - Dallas Stars : 1 - Chicago Blackhawks : 1.
7:41 of 2nd period - Jonathan Toews wins face-off versus Mark Scheifele in neutral zone.
7:58 of 2nd period - Icing by John Klingberg.
7:59 of 2nd period - Mark Scheifele wins face-off versus Marcus Kruger in Dallas Stars zone.
8:39 of 2nd period - Snap shot by Matthew Tkachuk.
8:39 of 2nd period - Shot Misses the Net.
8:41 of 2nd period - Slapshot by Mark Scheifele.
8:41 of 2nd period - Shot Blocked by Brent Seabrook.
8:43 of 2nd period - Snap shot by John Klingberg.
8:43 of 2nd period - Stopped by Corey Crawford with a rebound.
8:49 of 2nd period - Snap shot by Mark Scheifele.
8:49 of 2nd period - Shot Misses the Net.
8:51 of 2nd period - Snap shot by Tom Wilson.
8:51 of 2nd period - Stopped by Corey Crawford with a rebound.
8:53 of 2nd period - Wrist shot by Tom Wilson.
8:53 of 2nd period - Deflect By Matthew Tkachuk.
8:53 of 2nd period - Stopped by Corey Crawford without a rebound.
8:54 of 2nd period - Jonathan Toews wins face-off versus Carl Soderberg in Chicago Blackhawks zone.
8:54 of 2nd period - Jonathan Toews is hit by Carl Soderberg.
9:01 of 2nd period - Icing by Duncan Keith.
9:02 of 2nd period - Nick Schmaltz wins face-off versus Carl Soderberg in Chicago Blackhawks zone.
9:34 of 2nd period - Snap shot by Viktor Arvidsson.
9:34 of 2nd period - Deflect By James Neal.
9:34 of 2nd period - Shot Hit the Post.
9:34 of 2nd period - Puck is out of play.
9:35 of 2nd period - Riley Sheahan wins face-off versus Henrik Sedin in Chicago Blackhawks zone.
9:47 of 2nd period - Slapshot by Seth Jones.
9:47 of 2nd period - Stopped by Jake Allen without a rebound.
9:48 of 2nd period - Jonathan Toews wins face-off versus Mark Scheifele in Dallas Stars zone.
9:59 of 2nd period - Wrist shot by Patrick Kane.
9:59 of 2nd period - Shot Misses the Net.
10:37 of 2nd period - Henrik Sedin is hit by James Neal and loses puck.
10:58 of 2nd period - Snap shot by Patrick Kane.
10:58 of 2nd period - Shot Misses the Net.
11:08 of 2nd period - Matthew Tkachuk is hit by Ryan Hartman.
11:34 of 2nd period - Wrist shot by Loui Eriksson.
11:34 of 2nd period - Stopped by Corey Crawford with a rebound.
11:36 of 2nd period - Backhand shot by Riley Sheahan.
11:36 of 2nd period - Deflect By Kyle Connor.
11:36 of 2nd period - Shot Blocked by Nick Schmaltz.
11:36 of 2nd period - Puck is out of play.
11:37 of 2nd period - Carl Soderberg wins face-off versus Anthony Mantha in Chicago Blackhawks zone.
12:31 of 2nd period - Slapshot by Trevor Daley.
12:31 of 2nd period - Stopped by Corey Crawford with a rebound.
12:33 of 2nd period - Wrist shot by Trevor Daley.
12:33 of 2nd period - Deflect By Scott Mayfield.
12:33 of 2nd period - Stopped by Corey Crawford without a rebound.
12:34 of 2nd period - Jonathan Toews wins face-off versus Mark Scheifele in Chicago Blackhawks zone.
12:34 of 2nd period - Jonathan Toews is hit by Mark Scheifele.
13:00 of 2nd period - Trevor Daley is hit by Ryan Hartman.
13:20 of 2nd period - Snap shot by Mark Scheifele.
13:20 of 2nd period - Shot Blocked by Denis Malgin.
13:22 of 2nd period - Snap shot by Oscar Klefbom.
13:22 of 2nd period - Stopped by Corey Crawford without a rebound.
13:23 of 2nd period - Nick Schmaltz wins face-off versus Riley Sheahan in Chicago Blackhawks zone.
13:30 of 2nd period - Slapshot by Seth Jones.
13:30 of 2nd period - Deflect By Jonathan Toews.
13:30 of 2nd period - Shot Misses the Net.
13:30 of 2nd period - Puck is out of play.
13:31 of 2nd period - Jonathan Toews wins face-off versus Kyle Connor in Dallas Stars zone.
13:36 of 2nd period - Wrist shot by Jonathan Toews.
13:36 of 2nd period - Stopped by Jake Allen without a rebound.
13:37 of 2nd period - Jonathan Toews wins face-off versus Carl Soderberg in Dallas Stars zone.
13:40 of 2nd period - Wrist shot by Nick Schmaltz.
13:40 of 2nd period - Stopped by Jake Allen with a rebound.
13:42 of 2nd period - Wrist shot by Patrick Kane.
13:42 of 2nd period - Shot Blocked by Carl Soderberg.
13:52 of 2nd period - Wrist shot by Patrick Kane.
13:52 of 2nd period - Shot Misses the Net.
14:09 of 2nd period - Wrist shot by Chris Kunitz.
14:09 of 2nd period - Shot Misses the Net.
15:04 of 2nd period - Slapshot by Chris Kunitz.
15:04 of 2nd period - Shot Misses the Net.
15:44 of 2nd period - Wrist shot by Marcus Kruger.
15:44 of 2nd period - Stopped by Jake Allen with a rebound.
15:46 of 2nd period - Wrist shot by Patrick Kane.
15:46 of 2nd period - Shot Blocked by Stephen Johns.
15:56 of 2nd period - Kyle Connor is hit by Denis Malgin and loses puck.
16:34 of 2nd period - Wrist shot by Tom Wilson.
16:34 of 2nd period - Stopped by Corey Crawford with a rebound.
16:36 of 2nd period - Slapshot by Ryan Ellis.
16:36 of 2nd period - Deflect By Anthony Mantha.
16:36 of 2nd period - Stopped by Corey Crawford without a rebound.
16:37 of 2nd period - Denis Malgin wins face-off versus Carl Soderberg in Chicago Blackhawks zone.
16:39 of 2nd period - Minor Penalty to Ryan Hartman for Holding.
16:40 of 2nd period - Marcus Kruger wins face-off versus Mark Scheifele in Chicago Blackhawks zone.
17:06 of 2nd period - Seth Jones is hit by Ryan Ellis and loses puck.
17:39 of 2nd period - Anthony Mantha is hit by Kyle Connor and loses puck.
18:12 of 2nd period - Matthew Tkachuk is hit by Dennis Rasmussen and loses puck.
18:32 of 2nd period - Icing by Ryan Ellis.
18:33 of 2nd period - Denis Malgin wins face-off versus Carl Soderberg in Dallas Stars zone.
18:39 of 2nd period - Penalty to Ryan Hartman is over, Ryan Hartman is back on ice.
18:52 of 2nd period - Wrist shot by Devin Shore.
18:52 of 2nd period - Stopped by Corey Crawford with a rebound.
18:54 of 2nd period - Slapshot by Stephen Johns.
18:54 of 2nd period - Stopped by Corey Crawford without a rebound.
18:55 of 2nd period - Jonathan Toews wins face-off versus Mark Scheifele in Chicago Blackhawks zone.
19:08 of 2nd period - Slapshot by Patrick Kane.
19:08 of 2nd period - Stopped by Jake Allen without a rebound.
19:09 of 2nd period - Jonathan Toews wins face-off versus Carl Soderberg in Dallas Stars zone.
19:38 of 2nd period - Michal Kempny is hit by Matthew Tkachuk and loses puck.
19:55 of 2nd period - Backhand shot by John Klingberg.
19:55 of 2nd period - Stopped by Corey Crawford without a rebound.
19:56 of 2nd period - Riley Sheahan wins face-off versus Henrik Sedin in Chicago Blackhawks zone.
Goals for this period are 1 for Dallas Stars vs 0 for Chicago Blackhawks.
Shots for this period are 18 for Dallas Stars vs 6 for Chicago Blackhawks.

3rd period


0:01 of 3rd period - Riley Sheahan wins face-off versus Patrick Kane in neutral zone.
1:07 of 3rd period - Patrick Kane is hit by Derek Grant and loses puck.
1:16 of 3rd period - Snap shot by Patrick Kane.
1:16 of 3rd period - Stopped by Jake Allen with a rebound.
1:30 of 3rd period - Slapshot by Seth Jones.
1:30 of 3rd period - Deflect By Ryan Hartman.
1:30 of 3rd period - Deflect By Kyle Connor.
1:30 of 3rd period - Stopped by Jake Allen with a rebound.
1:32 of 3rd period - Slapshot by Seth Jones.
1:32 of 3rd period - Shot Misses the Net.
1:34 of 3rd period - Slapshot by Seth Jones.
1:34 of 3rd period - Deflect By Ryan Hartman.
1:34 of 3rd period - Shot Blocked by Colton Parayko.
1:34 of 3rd period - Puck is out of play.
1:35 of 3rd period - Riley Sheahan wins face-off versus Denis Malgin in Dallas Stars zone.
1:56 of 3rd period - Snap shot by Ryan Hartman.
1:56 of 3rd period - Stopped by Jake Allen with a rebound.
1:58 of 3rd period - Snap shot by Chris Kunitz.
1:58 of 3rd period - Shot Misses the Net.
2:00 of 3rd period - Snap shot by Chris Kunitz.
2:00 of 3rd period - Stopped by Jake Allen with a rebound.
2:02 of 3rd period - Snap shot by Chris Kunitz.
2:02 of 3rd period - Shot Misses the Net.
2:04 of 3rd period - Slapshot by Denis Malgin.
2:04 of 3rd period - Stopped by Jake Allen without a rebound.
2:05 of 3rd period - Mark Scheifele wins face-off versus Patrick Kane in Dallas Stars zone.
2:40 of 3rd period - Wrist shot by Alex DeBrincat.
2:40 of 3rd period - Shot Misses the Net.
2:57 of 3rd period - Backhand shot by Patrick Kane.
2:57 of 3rd period - Deflect By Dennis Rasmussen.
2:57 of 3rd period - Stopped by Jake Allen without a rebound.
2:58 of 3rd period - Nick Schmaltz wins face-off versus Mark Scheifele in Dallas Stars zone.
3:07 of 3rd period - Wrist shot by Matthew Tkachuk.
3:07 of 3rd period - Stopped by Corey Crawford without a rebound.
3:08 of 3rd period - Jonathan Toews wins face-off versus Mark Scheifele in Chicago Blackhawks zone.
3:18 of 3rd period - Slapshot by Tom Wilson.
3:18 of 3rd period - Stopped by Corey Crawford without a rebound.
3:19 of 3rd period - Jonathan Toews wins face-off versus Carl Soderberg in Chicago Blackhawks zone.
3:49 of 3rd period - Slapshot by Seth Jones.
3:49 of 3rd period - Stopped by Jake Allen without a rebound.
3:50 of 3rd period - Mark Scheifele wins face-off versus Marcus Kruger in Dallas Stars zone.
5:06 of 3rd period - Minor Penalty to Pierre-Edouard Bellemare for Kneeing.
5:07 of 3rd period - Jonathan Toews wins face-off versus Riley Sheahan in Dallas Stars zone.
5:07 of 3rd period - Slapshot by Alex DeBrincat.
5:07 of 3rd period - Shot Misses the Net.
5:09 of 3rd period - Wrist shot by Alex DeBrincat.
5:09 of 3rd period - Stopped by Jake Allen without a rebound.
5:10 of 3rd period - Riley Sheahan wins face-off versus Jonathan Toews in Dallas Stars zone.
5:10 of 3rd period - Riley Sheahan is hit by Ryan Hartman.
5:36 of 3rd period - Snap shot by Patrick Kane.
5:36 of 3rd period - Stopped by Jake Allen without a rebound.
5:37 of 3rd period - Henrik Sedin wins face-off versus Carl Soderberg in Dallas Stars zone.
5:38 of 3rd period - Wrist shot by Patrick Kane.
5:38 of 3rd period - Goal by Patrick Kane - Dallas Stars : 1 - Chicago Blackhawks : 2.
5:39 of 3rd period - Mark Scheifele wins face-off versus Jonathan Toews in neutral zone.
6:12 of 3rd period - Wrist shot by Ryan Hartman.
6:12 of 3rd period - Shot Blocked by John Klingberg.
6:47 of 3rd period - Snap shot by Pierre-Edouard Bellemare.
6:47 of 3rd period - Deflect By Devin Shore.
6:47 of 3rd period - Shot Blocked by Duncan Keith.
6:47 of 3rd period - Puck is out of play.
6:48 of 3rd period - Jonathan Toews wins face-off versus Pierre-Edouard Bellemare in Chicago Blackhawks zone.
7:42 of 3rd period - Snap shot by Carl Soderberg.
7:42 of 3rd period - Shot Blocked by Michal Kempny.
8:18 of 3rd period - Snap shot by Denis Malgin.
8:18 of 3rd period - Deflect By Pierre-Edouard Bellemare.
8:18 of 3rd period - Shot Misses the Net.
8:18 of 3rd period - Puck is out of play.
8:19 of 3rd period - Pierre-Edouard Bellemare wins face-off versus Chris Kunitz in Dallas Stars zone.
9:22 of 3rd period - Icing by Carl Soderberg.
9:23 of 3rd period - Carl Soderberg wins face-off versus Jonathan Toews in Dallas Stars zone.
10:36 of 3rd period - Snap shot by Henrik Sedin.
10:36 of 3rd period - Shot Blocked by Pierre-Edouard Bellemare.
10:38 of 3rd period - Wrist shot by Anthony Mantha.
10:38 of 3rd period - Stopped by Jake Allen with a rebound.
10:52 of 3rd period - Wrist shot by Carl Soderberg.
10:52 of 3rd period - Shot Misses the Net.
10:54 of 3rd period - Snap shot by Trevor Daley.
10:54 of 3rd period - Stopped by Corey Crawford with a rebound.
10:58 of 3rd period - Snap shot by Viktor Arvidsson.
10:58 of 3rd period - Shot Blocked by Jonathan Toews.
11:08 of 3rd period - Colton Parayko is hit by Dennis Rasmussen and loses puck.
12:21 of 3rd period - Minor Penalty to Riley Sheahan for Cross-checking.
12:22 of 3rd period - Pierre-Edouard Bellemare wins face-off versus Jonathan Toews in Dallas Stars zone.
12:35 of 3rd period - Wrist shot by Ryan Hartman.
12:35 of 3rd period - Stopped by Jake Allen without a rebound.
12:36 of 3rd period - Pierre-Edouard Bellemare wins face-off versus Henrik Sedin in Dallas Stars zone.
12:36 of 3rd period - Pierre-Edouard Bellemare is hit by Nick Schmaltz.
14:21 of 3rd period - Penalty to Riley Sheahan is over, Riley Sheahan is back on ice.
14:48 of 3rd period - Snap shot by Patrick Kane.
14:48 of 3rd period - Shot Misses the Net.
14:50 of 3rd period - Snap shot by Nick Schmaltz.
14:50 of 3rd period - Shot Hit the Post.
14:52 of 3rd period - Snap shot by Nick Schmaltz.
14:52 of 3rd period - Shot Blocked by Riley Sheahan.
14:54 of 3rd period - Snap shot by Patrick Kane.
14:54 of 3rd period - Stopped by Jake Allen without a rebound.
14:55 of 3rd period - Denis Malgin wins face-off versus Matthew Tkachuk in Dallas Stars zone.
15:10 of 3rd period - Snap shot by Chris Kunitz.
15:10 of 3rd period - Deflect By Ryan Hartman.
15:10 of 3rd period - Shot Blocked by Ryan Ellis.
15:10 of 3rd period - Puck is out of play.
15:11 of 3rd period - Carl Soderberg wins face-off versus Denis Malgin in Dallas Stars zone.
15:16 of 3rd period - Wrist shot by James Neal.
15:16 of 3rd period - Shot Blocked by Ryan Hartman.
15:18 of 3rd period - Slapshot by John Klingberg.
15:18 of 3rd period - Stopped by Corey Crawford with a rebound.
15:22 of 3rd period - Slapshot by Viktor Arvidsson.
15:22 of 3rd period - Stopped by Corey Crawford without a rebound.
15:23 of 3rd period - Riley Sheahan wins face-off versus Patrick Kane in Chicago Blackhawks zone.
15:26 of 3rd period - Snap shot by Riley Sheahan.
15:26 of 3rd period - Stopped by Corey Crawford with a rebound.
16:14 of 3rd period - Slapshot by Ryan Ellis.
16:14 of 3rd period - Stopped by Corey Crawford without a rebound.
16:15 of 3rd period - Pierre-Edouard Bellemare wins face-off versus Chris Kunitz in Chicago Blackhawks zone.
17:06 of 3rd period - Slapshot by Loui Eriksson.
17:06 of 3rd period - Stopped by Corey Crawford without a rebound.
17:07 of 3rd period - Mark Scheifele wins face-off versus Jonathan Toews in Chicago Blackhawks zone.
17:16 of 3rd period - Oscar Klefbom is hit by Patrick Kane and loses puck.
17:31 of 3rd period - Snap shot by Anthony Mantha.
17:31 of 3rd period - Deflect By Oscar Klefbom.
17:31 of 3rd period - Shot Misses the Net.
17:31 of 3rd period - Puck is out of play.
17:32 of 3rd period - Henrik Sedin wins face-off versus Riley Sheahan in Dallas Stars zone.
17:59 of 3rd period - Duncan Keith is hit by Stephen Johns and loses puck.
18:35 of 3rd period - Backhand shot by John Klingberg.
18:35 of 3rd period - Shot Blocked by Seth Jones.
19:02 of 3rd period - Icing by John Klingberg.
19:03 of 3rd period - Jonathan Toews wins face-off versus Mark Scheifele in Dallas Stars zone.
19:10 of 3rd period - Snap shot by Patrick Kane.
19:10 of 3rd period - Shot Misses the Net.
19:20 of 3rd period - Dallas Stars, Jake Allen is pulled from the net.
19:43 of 3rd period - Viktor Arvidsson is hit by Duncan Keith and loses puck.
Goals for this period are 0 for Dallas Stars vs 1 for Chicago Blackhawks.
Shots for this period are 8 for Dallas Stars vs 13 for Chicago Blackhawks.